PCL
SANTA MONICA BRUINS @ SAN JOSE MISSIONS
04/09/2028
 
TOP OF THE 1ST
Santa Monica Bruins batting - Pitching for San Jose Missions : RHP Yodo Nakagawa
Pitching: RHP Yodo Nakagawa
Batting: SHB Ken Hernández 0-0: Called Strike
0-1: Swinging Strike
0-2: Ball
1-2: Foul Ball, location: 2F
1-2: SINGLE (Line Drive, 6D)
Batting: SHB Chris Woods 0-0: Ball
1-0: Called Strike
1-1: 2-RUN HOME RUN (Flyball, 9LD), Distance : 350 ft
Batting: RHB Francisco Castillo 0-0: Ball
1-0: Ball
2-0: Foul Ball, location: 2F
2-1: Foul Ball, location: 2F
2-2: Ball
3-2: Base on Balls
Batting: RHB Johnny Williams 0-0: Ball
1-0: Grounds into double play, 6-4-3 (Groundball, 6)
Batting: RHB Ricardo Guzmán 0-0: Called Strike
0-1: Swinging Strike
0-2: Foul Ball, location: 2F
0-2: Ground out 1-3 (Groundball, 13)
Top of the 1st over - 2 run(s), 2 hit(s), 0 error(s), 0 left on base; Santa Monica 2 - San Jose 0
BOTTOM OF THE 1ST
San Jose Missions batting - Pitching for Santa Monica Bruins : RHP Martín Ortíz
Pitching: RHP Martín Ortíz
Batting: RHB Glenn Johnson 0-0: Called Strike
0-1: Ball
1-1: Called Strike
1-2: Ground out 6-3 (Groundball, 6)
Batting: RHB Culley Douglas 0-0: Ball
1-0: Fly out, F8 (Flyball, 89M)
Batting: RHB Chang-geun Kim 0-0: Called Strike
0-1: Ball
1-1: Fly out, F6 (Flyball, 6D)
Bottom of the 1st over - 0 run(s), 0 hit(s), 0 error(s), 0 left on base; Santa Monica 2 - San Jose 0
TOP OF THE 2ND
Santa Monica Bruins batting - Pitching for San Jose Missions : RHP Yodo Nakagawa
Batting: LHB Morgan Wright 0-0: Ground out 4-3 (Groundball, 34)
Batting: LHB Ken Phillips 0-0: Called Strike
0-1: Ball
1-1: Foul Ball, location: 2F
1-2: Ground out 4-3 (Groundball, 4)
Batting: RHB Roberto Cruz 0-0: Called Strike
0-1: Ball
1-1: Ball
2-1: Ball
3-1: Swinging Strike
3-2: Strikes out looking
Top of the 2nd over - 0 run(s), 0 hit(s), 0 error(s), 0 left on base; Santa Monica 2 - San Jose 0
BOTTOM OF THE 2ND
San Jose Missions batting - Pitching for Santa Monica Bruins : RHP Martín Ortíz
Batting: RHB Naomichi Aoki 0-0: Fly out, F6 (Line Drive, 6)
Batting: RHB Jorge Díaz 0-0: Foul Ball, location: 2F
0-1: Ball
1-1: Ball
2-1: Ball
3-1: SINGLE (Groundball, 6MD)
Batting: RHB Ed Starr 0-0: Ball
1-0: Called Strike
1-1: Ball
2-1: Ball
3-1: Base on Balls
Jorge Díaz to second
Batting: RHB Irwin Duncan 0-0: Ball
1-0: Ball
2-0: Ball
3-0: Base on Balls
Jorge Díaz to third
Ed Starr to second
Batting: RHB José Sánchez 0-0: Foul Ball, location: 2F
0-1: Ball
1-1: Fly out, F9 (Flyball, 9S)
Batting: RHB Miguel Mendoza 0-0: Ball
1-0: Fly out, F8 (Flyball, 78D)
Bottom of the 2nd over - 0 run(s), 1 hit(s), 0 error(s), 3 left on base; Santa Monica 2 - San Jose 0
TOP OF THE 3RD
Santa Monica Bruins batting - Pitching for San Jose Missions : RHP Yodo Nakagawa
Batting: RHB Gilberto Guzmán 0-0: Ground out 4-3 (Groundball, 4)
Batting: SHB Ken Hernández 0-0: Called Strike
0-1: Ball
1-1: Ball
2-1: Ball
3-1: Ground out 6-3 (Groundball, 6)
Batting: SHB Chris Woods 0-0: Swinging Strike
0-1: Ball
1-1: Called Strike
1-2: Foul Ball, location: 2F
1-2: Ball
2-2: Fly out, F4 (Flyball, 4D)
Top of the 3rd over - 0 run(s), 0 hit(s), 0 error(s), 0 left on base; Santa Monica 2 - San Jose 0
BOTTOM OF THE 3RD
San Jose Missions batting - Pitching for Santa Monica Bruins : RHP Martín Ortíz
Batting: RHB Glenn Johnson 0-0: Ball
1-0: Ground out 5-3 (Groundball, 5S)
Batting: RHB Culley Douglas 0-0: Ground out 6-3 (Groundball, 6M)
Batting: RHB Chang-geun Kim 0-0: Called Strike
0-1: DOUBLE (Groundball, 5L)
Batting: RHB Naomichi Aoki 0-0: Ball
1-0: Ball
2-0: Ball
3-0: Called Strike
3-1: Foul Ball, location: 2F
3-2: Foul Ball, location: 2F
3-2: Base on Balls
Batting: RHB Jorge Díaz 0-0: Foul Ball, location: 2F
0-1: Ball
1-1: Hit by Pitch
Chang-geun Kim to third
Naomichi Aoki to second
Batting: RHB Ed Starr 0-0: Called Strike
0-1: Ball
1-1: Ball
2-1: Ball
3-1: Called Strike
3-2: Ground out 6-3 (Groundball, 56)
Bottom of the 3rd over - 0 run(s), 1 hit(s), 0 error(s), 3 left on base; Santa Monica 2 - San Jose 0
TOP OF THE 4TH
Santa Monica Bruins batting - Pitching for San Jose Missions : RHP Yodo Nakagawa
Batting: RHB Francisco Castillo 0-0: Ball
1-0: Called Strike
1-1: Swinging Strike
1-2: Ball
2-2: Ball
3-2: Strikes out swinging
Batting: RHB Johnny Williams 0-0: Ball
1-0: SINGLE (Groundball, 6M) (infield hit)
Batting: RHB Ricardo Guzmán 0-0: Called Strike
0-1: Ball
1-1: Foul Ball, location: 2F
1-2: Foul Ball, location: 2F
1-2: Strikes out looking
Batting: LHB Morgan Wright 0-0: Ball
1-0: Called Strike
1-1: Ball
2-1: Fly out, F3 (Line Drive, 3L)
Top of the 4th over - 0 run(s), 1 hit(s), 0 error(s), 1 left on base; Santa Monica 2 - San Jose 0
BOTTOM OF THE 4TH
San Jose Missions batting - Pitching for Santa Monica Bruins : RHP Martín Ortíz
Batting: RHB Irwin Duncan 0-0: SOLO HOME RUN (Flyball, 78XD), Distance : 428 ft
Batting: RHB José Sánchez 0-0: Ball
1-0: Foul Ball, location: 2F
1-1: Called Strike
1-2: Ball
2-2: Ball
3-2: Base on Balls
Batting: RHB Miguel Mendoza 0-0: Fly out, F8 (Flyball, 8LS)
Batting: RHB Glenn Johnson 0-0: Called Strike
0-1: Ball
1-1: Swinging Strike
1-2: Fly out, F4 (Line Drive, 4D)
Batting: RHB Culley Douglas 0-0: Ball
1-0: Called Strike
1-1: Ball
2-1: DOUBLE (Flyball, 78XD)
José Sánchez to third
Batting: RHB Chang-geun Kim 0-0: Ball
1-0: Called Strike
1-1: Ball
2-1: Called Strike
2-2: Strikes out swinging
Bottom of the 4th over - 1 run(s), 2 hit(s), 0 error(s), 2 left on base; Santa Monica 2 - San Jose 1
TOP OF THE 5TH
Santa Monica Bruins batting - Pitching for San Jose Missions : RHP Yodo Nakagawa
Batting: LHB Ken Phillips 0-0: Called Strike
0-1: Foul Ball, location: 2F
0-2: Ball
1-2: Ball
2-2: Fly out, F8 (Flyball, 8RD)
Batting: RHB Roberto Cruz 0-0: Foul Ball, location: 2F
0-1: Ball
1-1: Foul Ball, location: 2F
1-2: Ball
2-2: Ball
3-2: Fly out, F2 (Popup, 5S)
Pitching: LHP Morgan O'Day
Batting: RHB Gilberto Guzmán 0-0: Ground out 5-3 (Groundball, 5)
Top of the 5th over - 0 run(s), 0 hit(s), 0 error(s), 0 left on base; Santa Monica 2 - San Jose 1
BOTTOM OF THE 5TH
San Jose Missions batting - Pitching for Santa Monica Bruins : RHP Martín Ortíz
Batting: RHB Naomichi Aoki 0-0: Ball
1-0: Ball
2-0: Ball
3-0: Base on Balls
Batting: RHB Jorge Díaz 0-0: Ball
1-0: Ground out 4-3 (Groundball, 4S)
Naomichi Aoki to second
Batting: RHB Ed Starr 0-0: Called Strike
0-1: Called Strike
0-2: Strikes out swinging
Batting: RHB Irwin Duncan 0-0: Called Strike
0-1: Ball
1-1: Called Strike
1-2: Strikes out swinging
Bottom of the 5th over - 0 run(s), 0 hit(s), 0 error(s), 1 left on base; Santa Monica 2 - San Jose 1
TOP OF THE 6TH
Santa Monica Bruins batting - Pitching for San Jose Missions : LHP Morgan O'Day
Batting: SHB Ken Hernández 0-0: SOLO HOME RUN (Flyball, 78D), Distance : 422 ft
Batting: SHB Chris Woods 0-0: Ground out 5-3 (Groundball, 56)
Batting: RHB Francisco Castillo 0-0: Ball
1-0: Ball
2-0: Ground out 5-3 (Groundball, 5)
Batting: RHB Johnny Williams 0-0: Ball
1-0: Fly out, F8 (Flyball, 8RS)
Top of the 6th over - 1 run(s), 1 hit(s), 0 error(s), 0 left on base; Santa Monica 3 - San Jose 1
BOTTOM OF THE 6TH
San Jose Missions batting - Pitching for Santa Monica Bruins : RHP Martín Ortíz
Pitching: RHP Carlos Trujillo
Batting: RHB José Sánchez 0-0: Ball
1-0: Foul Ball, location: 2F
1-1: Called Strike
1-2: Strikes out swinging
Batting: RHB Miguel Mendoza 0-0: Swinging Strike
0-1: Fly out, F8 (Flyball, 78M)
Batting: RHB Glenn Johnson 0-0: Swinging Strike
0-1: Foul Ball, location: 2F
0-2: Ball
1-2: Strikes out swinging
Bottom of the 6th over - 0 run(s), 0 hit(s), 0 error(s), 0 left on base; Santa Monica 3 - San Jose 1
TOP OF THE 7TH
Santa Monica Bruins batting - Pitching for San Jose Missions : LHP Morgan O'Day
Batting: RHB Ricardo Guzmán 0-0: SOLO HOME RUN (Flyball, 8RXD), Distance : 436 ft
Batting: LHB Morgan Wright 0-0: Ball
1-0: Called Strike
1-1: Swinging Strike
1-2: Strikes out swinging
Batting: LHB Ken Phillips 0-0: Called Strike
0-1: Ball
1-1: Swinging Strike
1-2: Strikes out looking
Batting: RHB Roberto Cruz 0-0: Ball
1-0: Fly out, F9 (Flyball, 9LM)
Top of the 7th over - 1 run(s), 1 hit(s), 0 error(s), 0 left on base; Santa Monica 4 - San Jose 1
BOTTOM OF THE 7TH
San Jose Missions batting - Pitching for Santa Monica Bruins : RHP Carlos Trujillo
Batting: RHB Culley Douglas 0-0: Ball
1-0: Ground out 6-3 (Groundball, 6)
Batting: RHB Chang-geun Kim 0-0: Called Strike
0-1: Ball
1-1: Foul Ball, location: 2F
1-2: Ball
2-2: Fly out, F8 (Flyball, 8LD)
Batting: RHB Naomichi Aoki 0-0: Ball
1-0: Ball
2-0: Ball
3-0: Called Strike
3-1: Base on Balls
Batting: RHB Jorge Díaz 0-0: SINGLE (Line Drive, 78S)
Naomichi Aoki to second
Batting: RHB Ed Starr 0-0: Called Strike
0-1: Ball
1-1: Foul Ball, location: 2F
1-2: Ball
2-2: Ball
3-2: Base on Balls
Naomichi Aoki to third
Jorge Díaz to second
Batting: RHB Irwin Duncan 0-0: Ball
1-0: Ball
2-0: Foul Ball, location: 2F
2-1: Swinging Strike
2-2: Strikes out swinging
Bottom of the 7th over - 0 run(s), 1 hit(s), 0 error(s), 3 left on base; Santa Monica 4 - San Jose 1
TOP OF THE 8TH
Santa Monica Bruins batting - Pitching for San Jose Missions : LHP Morgan O'Day
Batting: RHB Gilberto Guzmán 0-0: Ball
1-0: Ball
2-0: Ball
3-0: Called Strike
3-1: Base on Balls
Batting: SHB Ken Hernández 0-0: Ball
1-0: Foul Ball, location: 2F
1-1: Sac Bunt - play at first, batter OUT! 3-4
Gilberto Guzmán to second
Batting: SHB Chris Woods 0-0: Ball
1-0: Ball
2-0: Called Strike
2-1: Ball
3-1: Ground out 1-3 (Groundball, P)
Gilberto Guzmán to third
Batting: RHB Francisco Castillo 0-0: Ball
1-0: Ground out 5-3 (Groundball, 5)
Top of the 8th over - 0 run(s), 0 hit(s), 0 error(s), 1 left on base; Santa Monica 4 - San Jose 1
BOTTOM OF THE 8TH
San Jose Missions batting - Pitching for Santa Monica Bruins : RHP Carlos Trujillo
Batting: RHB José Sánchez 0-0: Ball
1-0: Ball
2-0: Called Strike
2-1: Swinging Strike
2-2: Strikes out looking
Batting: RHB Miguel Mendoza 0-0: Called Strike
0-1: Called Strike
0-2: Fly out, F9 (Flyball, 9LS)
Batting: RHB Glenn Johnson 0-0: Ball
1-0: Fly out, F9 (Flyball, 9LM)
Bottom of the 8th over - 0 run(s), 0 hit(s), 0 error(s), 0 left on base; Santa Monica 4 - San Jose 1
TOP OF THE 9TH
Santa Monica Bruins batting - Pitching for San Jose Missions : LHP Morgan O'Day
Batting: RHB Johnny Williams 0-0: Ball
1-0: Foul Ball, location: 2F
1-1: SINGLE (Groundball, 6MD)
Batting: RHB Ricardo Guzmán 0-0: Ball
1-0: Called Strike
1-1: Swinging Strike
1-2: Foul Ball, location: 2F
1-2: Ball
2-2: Ground out 6-3 (Groundball, 6MD)
Johnny Williams to second
Batting: LHB Morgan Wright 0-0: Ball
1-0: Called Strike
1-1: Ball
2-1: Ground out U3 (Groundball, 3S)
Johnny Williams to third
Batting: LHB Ken Phillips 0-0: Called Strike
0-1: Swinging Strike
0-2: 2-RUN HOME RUN (Flyball, 9D), Distance : 373 ft
Pitching: RHP David Bates
Batting: RHB Roberto Cruz 0-0: Ball
1-0: Ball
2-0: Foul Ball, location: 2F
2-1: SINGLE (Line Drive, 6M)
Batting: RHB Gilberto Guzmán 0-0: Ball
1-0: Foul Ball, location: 2F
1-1: Foul Ball, location: 2F
1-2: Ball
2-2: Strikes out looking
Top of the 9th over - 2 run(s), 3 hit(s), 0 error(s), 1 left on base; Santa Monica 6 - San Jose 1
BOTTOM OF THE 9TH
San Jose Missions batting - Pitching for Santa Monica Bruins : RHP Carlos Trujillo
Pitching: RHP Keith Harper
Batting: RHB Culley Douglas 0-0: Ball
1-0: Foul Ball, location: 2F
1-1: Ball
2-1: Ball
3-1: Ground out 6-3 (Groundball, 56)
Batting: RHB Chang-geun Kim 0-0: Ground out 6-3 (Groundball, 56)
Batting: RHB Naomichi Aoki 0-0: Foul Ball, location: 2F
0-1: Ball
1-1: Called Strike
1-2: Ball
2-2: Ground out 5-3 (Groundball, 56S)
Bottom of the 9th over - 0 run(s), 0 hit(s), 0 error(s), 0 left on base; Santa Monica 6 - San Jose 1
Tuesday, August 8th, 2017 - OOTP Baseball 17.12 Build 75